 Dungeon Crawl Stone Soup version 0.28.0-53-g5a82cb258f (webtiles) character file.

Game seed: 13912204478509469850

9083 Infinimo the Fighter (level 11, -5/123 HPs)
             Began as an Ogre Berserker on June 4, 2022.
             Was an Elder of Trog.
             Slain by an unseen horror (7 damage)
             ... on level 11 of the Dungeon.
             The game lasted 00:15:14 (15187 turns).

Infinimo the Fighter (Ogre Berserker)              Turns: 15187, Time: 00:15:15

Health: -5/123     AC:  6    Str: 24    XL:     11   Next: 41%
Magic:  20/20      EV: 11    Int:  8    God:    Trog [****..]
Gold:   383        SH:  0    Dex:  8    Spells: 10/10 levels left

rFire   . . .      SeeInvis .   w - +2 whip (elec)
rCold   . . .      Faith    .   (no shield)
rNeg    + . .      Spirit   .   b - +0 animal skin
rPois   .          Reflect  .   (helmet restricted)
rElec   .          Harm     .   e - +2 cloak
rCorr   +          Rampage  .   (gloves unavailable)
Will    +....                   (boots unavailable)
Stlth   +.........              (no amulet)
HPRegen 0.30/turn               l - ring "Uvinwungi" {rN+ rCorr MP+9 Str-3}
MPRegen 0.17/turn               (no ring)

@: no status effects
A: large, unfitting armour, tough skin 1
a: Renounce Religion, Berserk, Trog's Hand, Brothers in Arms


You were on level 11 of the Dungeon.
You worshipped Trog.
Trog was greatly pleased with you.
You visited 2 branches of the dungeon, and saw 12 of its levels.

You collected 383 gold pieces.

Inventory:

Hand Weapons
 a - a +2 dagger of venom
 m - a +0 giant spiked club
 p - a +0 flail
 w - a +2 whip of electrocution (weapon)
 x - a +3 morningstar
Missiles
 r - a throwing net (quivered)
 y - 4 poisoned darts
 B - 6 large rocks
Armour
 b - a +0 animal skin (worn)
 e - a +2 cloak (worn)
Jewellery
 j - a ring of protection from cold
 l - the ring "Uvinwungi" (left hand) {rN+ rCorr MP+9 Str-3}
   (You found it on level 2 of the Dungeon)

   [ring of resist corrosion]

   Str:       It affects your strength (-3).
   rN:        It protects you from negative energy.
   MP:        It affects your magic capacity (+9).
   rCorr:     It protects you from acid and corrosion.
 A - a ring of positive energy
 F - a ring of fire
 G - a +6 ring of dexterity
Wands
 n - a wand of flame (10)
 s - a wand of mindburst (5)
 E - a wand of iceblast (4)
Scrolls
 d - a scroll of holy word
 h - a scroll of fog
 t - 2 scrolls of identify
 u - 5 scrolls of enchant armour {unknown}
 D - a scroll of torment {unknown}
 H - a scroll of enchant weapon {unknown}
Potions
 c - 7 potions of curing
 f - 2 potions of degeneration
 g - 2 potions of cancellation
 i - 2 potions of might {unknown}
 k - a potion of magic {unknown}
 o - 2 potions of flight {unknown}
 v - 2 potions of mutation {unknown}
 z - a potion of heal wounds {unknown}
 C - a potion of brilliance {unknown}


   Skills:
 + Level 12.0 Fighting
 * Level 11.7 Maces & Flails
 + Level 8.5 Dodging


You had 10 spell levels left.
You didn't know any spells.
Your spell library was empty.

Dungeon Overview and Level Annotations

Branches:
Dungeon (12/15)            Temple (1/1) D:6
   Lair: D:8-11         Orc: D:9-12

Altars:
Ashenzari
Cheibriados
Dithmenos
Elyvilon
Fedhas
Gozag
Hepliaklqana
Kikubaaqudgha
Makhleb
Okawaru
Qazlal
Ru
Sif Muna
Trog
Uskayaw
Vehumet
Wu Jian
Xom
Yredelemnul
Zin
The Shining One


Innate Abilities, Weirdness & Mutations

You are too large for most types of armour.
You have tough skin. (AC +1)


Message History

The deep elf pyromancer points at you and mumbles some strange words.
The bolt of fire hits you!!
* * * LOW HITPOINT WARNING * * *
Found a stone staircase leading down.
There is a stone staircase leading up here.
The four-headed hydra bites you!
* * * LOW HITPOINT WARNING * * *
The four-headed hydra bites you.
* * * LOW HITPOINT WARNING * * *
The four-headed hydra bites you.
* * * LOW HITPOINT WARNING * * *
The four-headed hydra bites you but does no damage.
You climb upwards.
Found 2 black potions.
There is a stone staircase leading down here.
Unknown command.
Unknown command.
Okay, then.
As you read the scroll of teleportation, it crumbles to dust.
You feel strangely unstable. Something hits you but does no damage.
Deactivating autopickup; reactivate with Ctrl-A.
The four-headed hydra misses you.
The four-headed hydra barely misses you. x3
Something hits you.
* * * LOW HITPOINT WARNING * * *
Something hits you.
* * * LOW HITPOINT WARNING * * *
Your surroundings suddenly seem different.
Found 22 gold pieces and a peridot ring.
Found a stone staircase leading up.
Found a stone staircase leading up.
Something hits you.
* * * LOW HITPOINT WARNING * * *
The two-headed ogre shouts in stereo!
Something hits you but does no damage. Something hits you.
* * * LOW HITPOINT WARNING * * *
There is a stone staircase leading up, spattered with blood here.
Something hits you!
You die...

........ .. ......#
...###...... #......
........... ..O....
.........<# .......
..........###.......
#..........#........####
##.......@..............#.
..........................
.....................>....
##$.........O............
##......................
#............#..........
..................#.......
..................##......
.........#......# .......


You could see a two-headed ogre.

Vanquished Creatures
  Pikel (D:7)
  A manticore (D:12)
  A cyclops (D:7)
  Joseph (D:7)
  A kobold demonologist (D:8)
  Maggie (D:7)
  3 trolls
  Grinder (D:4)
  Prince Ribbit (D:9)
  A wyvern (D:8)
  6 yaks
  5 steam dragons
  Menkaure (D:4)
  An acid dragon (D:8)
  2 water moccasins
  3 orc warriors
  A sky beast (D:6)
  2 ice beasts
  4 ogres
  A necrophage (D:7)
  3 centaurs
  2 wolves (D:9)
  A kobold brigand (D:7)
  4 bullfrogs
  A gnoll sergeant (D:4)
  A wyvern zombie (D:8)
  A scorpion (D:4)
  12 wights
  3 howler monkeys
  A bullfrog zombie (D:5)
  4 centaur zombies
  3 hounds
  2 jellies
  5 orc priests
  2 centaur skeletons
  A gnoll shaman (D:5)
  4 iguanas
  13 orc wizards
  Natasha (thrice) (D:2)
  A killer bee zombie (D:7)
  11 gnolls
  A howler monkey skeleton (D:5)
  10 adders
  A shadow imp (D:8)
  A white imp (D:7)
  An ufetubus (D:7)
  2 worms
  4 dart slugs
  24 orcs
  4 bats
  3 endoplasms
  4 giant cockroaches
  7 goblins
  5 hobgoblins
  5 quokkas
  5 ball pythons
  A frilled lizard (D:4)
  14 kobolds
  7 rats
215 creatures vanquished.

Vanquished Creatures (others)
  10 plants (D:3)
10 creatures vanquished.

Grand Total: 225 creatures vanquished

Notes
Turn   | Place    | Note
-------+----------+-------------------------------------------
     0 | D:1      | Infinimo the Ogre Berserker began the quest for the Orb.
     0 | D:1      | Reached XP level 1. HP: 24/24 MP: 1/1
   208 | D:1      | Reached XP level 2. HP: 32/32 MP: 2/2
   719 | D:2      | Found a snail-covered altar of Cheibriados.
   810 | D:2      | Reached XP level 3. HP: 40/40 MP: 3/3
   978 | D:2      | Identified the ring "Uvinwungi" {rN+ rCorr MP+9 Str-3}
  1221 | D:2      | Reached ** piety under Trog
  1276 | D:2      | Reached XP level 4. HP: 49/49 MP: 4/4
  1317 | D:2      | Noticed Natasha
  1326 | D:2      | Killed Natasha
  1375 | D:2      | Noticed Natasha
  1383 | D:2      | Killed Natasha
  1384 | D:2      | Reached skill level 5 in Fighting
  1744 | D:2      | Noticed Natasha
  1751 | D:2      | Killed Natasha
  1752 | D:2      | Reached XP level 5. HP: 57/57 MP: 5/5
  2032 | D:3      | Noticed an ogre
  2161 | D:3      | Noticed an ogre
  2168 | D:3      | Killed an ogre
  2169 | D:3      | Reached XP level 6. HP: 67/67 MP: 6/6
  2521 | D:3      | Reached skill level 6 in Fighting
  2521 | D:3      | Reached skill level 5 in Maces & Flails
  2672 | D:3      | Found a shimmering blue altar of Sif Muna.
  2816 | D:4      | Reached XP level 7. HP: 40/75 MP: 7/7
  3720 | D:4      | Noticed Menkaure
  3728 | D:4      | Killed Menkaure
  3729 | D:4      | Reached skill level 7 in Fighting
  3729 | D:4      | Reached XP level 8. HP: 47/87 MP: 8/8
  3999 | D:4      | Found a bloodstained altar of Trog.
  4248 | D:4      | Noticed Grinder
  4278 | D:4      | Paralysed by Grinder for 3 turns
  4294 | D:4      | Killed Grinder
  4295 | D:4      | Reached skill level 5 in Dodging
  4974 | D:5      | Entered Level 5 of the Dungeon
  5585 | D:5      | Reached *** piety under Trog
  5596 | D:5      | Reached skill level 8 in Fighting
  5860 | D:5      | Found a white marble altar of Elyvilon.
  6932 | D:5      | Reached XP level 9. HP: 65/97 MP: 9/9
  7937 | D:6      | HP: 3/97 [steam dragon] (6)]
  8364 | D:6      | Identified the +4 hunting sling "Daissim" {flame, rPois rC-
                  | Dex+4 SInv}
  8522 | D:6      | Reached skill level 9 in Fighting
  8765 | D:6      | Found a staircase to the Ecumenical Temple.
  9324 | Temple   | Entered the Ecumenical Temple
  9499 | D:7      | Noticed Pikel
  9506 | D:7      | Paralysed by Pikel for 2 turns
  9520 | D:7      | Paralysed by Pikel for 7 turns
  9528 | D:7      | Paralysed by Pikel for 6 turns
  9529 | D:7      | Killed Pikel
 10070 | D:7      | Noticed Maggie
 10093 | D:7      | Killed Maggie
 10094 | D:7      | Reached XP level 10. HP: 39/110 MP: 10/10
 10100 | D:7      | Reached skill level 10 in Fighting
 10593 | D:7      | Noticed Joseph
 10608 | D:7      | Killed Joseph
 10887 | D:7      | Reached skill level 10 in Maces & Flails
 11382 | D:7      | Noticed a cyclops
 11405 | D:7      | Killed a cyclops
 11993 | D:7      | Reached skill level 11 in Fighting
 12724 | D:8      | Noticed a kobold demonologist
 12727 | D:8      | Noticed a smoke demon
 12732 | D:8      | Noticed an orange demon
 12806 | D:8      | Reached XP level 11. HP: 82/120 MP: 11/11
 12836 | D:8      | Reached **** piety under Trog
 13672 | D:8      | Found a shimmering altar of Xom.
 13959 | D:8      | Noticed a soul eater
 14275 | D:9      | Found an opulent altar of Gozag.
 14711 | D:9      | Noticed Prince Ribbit
 14727 | D:9      | Killed Prince Ribbit
 15027 | D:9      | Found a burning altar of Makhleb.
 15094 | D:9      | You fall into a shaft and drop 3 floors!
 15097 | D:12     | Noticed a manticore
 15111 | D:12     | Reached skill level 12 in Fighting
 15117 | D:12     | Killed a manticore
 15135 | D:12     | Noticed a four-headed hydra
 15145 | D:11     | Noticed a two-headed ogre
 15164 | D:12     | Noticed a deep elf pyromancer
 15186 | D:11     | HP: 2/123 [something (6)]
 15187 | D:11     | Slain by an unseen horror

Illustrated notes

Levels and vault maps discovered:
D:1:      dpeg_arrival_chambers_temple_mockup, layout_rooms,
          serial_bayou_crossing
D:2:      minmay_inner_zag, layout_loops_cross, basic_altar,
          kennysheep_generic_room_16, uniq_natasha
D:3:      layout_basic, lemuel_coloured_pillars_altar, serial_forest,
          infiniplex_forest_clump_long, infiniplex_forest_clump_medium,
          infiniplex_forest_clump_double, infiniplex_forest_clump_medium,
          hex_medium
D:4:      layout_loops_ring, trog_butcher_becter, minmay_misc_feat_room,
          minmay_manual_monstrance, uniq_grinder, uniq_menkaure
D:5:      layout_basic, lemuel_crystal_altar
D:6:      layout_basic, minmay_temple_entry_waves, minmay_misc_feat_diagonals
D:7:      layout_gridville, uniq_maggie, uniq_joseph, uniq_pikel
D:8:      layout_layer_cave, mainiacjoe_overflow_alcove_1, minmay_bent
D:9:      layout_basic, kennysheep_mini_moat,
          nicolae_gozag_cash_rules_everything_around_me,
          minmay_statue_crystal_thing, uniq_prince_ribbit1, uniq_grum
D:11:     layout_layer_cave, hiddenorc1_lemuel
D:12:     layout_loops_ring
Temple:   regret_index_temple_waves

Skill      XL: |  1  2  3  4  5  6  7  8  9 10 11 |
---------------+----------------------------------+-----
Maces & Flails | 3 4 5 6 7 9 11 | 11.7
Dodging        | 3 4 5 6 8 |  8.5
Fighting       | 5 6 7 8 9 11 12 | 12.0

Action                   |  1- 3 |  4- 6 |  7- 9 | 10-12 || total
-------------------------+-------+-------+-------+-------++-------
Melee: Mace              |    88 |    67 |       |       ||   155
       Punch             |     3 |       |     9 |     5 ||    17
       Flail             |       |    36 |    85 |       ||   121
       Dagger            |       |       |   274 |       ||   274
       Whip              |       |       |    34 |   338 ||   372
Throw: Dart              |       |       |     2 |       ||     2
       Throwing net      |       |       |     2 |       ||     2
Invok: Berserk           |     3 |     8 |     9 |    14 ||    34
Evoke: Wand              |       |     1 |     4 |       ||     5
  Use: Scroll            |       |     7 |     3 |     2 ||    12
       Potion            |       |       |     2 |       ||     2
 Stab: Sleeping          |     1 |       |       |       ||     1
Armor: Animal skin       |    36 |    23 |   129 |    76 ||   264
Dodge: Dodged            |    45 |    53 |   177 |   111 ||   386
